 Dungeon Crawl Stone Soup version 0.29.0-13-gc9e81de378 (webtiles) character file.

Game seed: 11053839218819690354

79 Artool the Ducker (level 4, -2/34 HPs)
             Began as a Demonspawn Gladiator on Sept 7, 2022.
             Slain by a hobgoblin (4 damage)
             ... on level 3 of the Dungeon.
             The game lasted 00:04:55 (1766 turns).

Artool the Ducker (Demonspawn Gladiator)            Turns: 1766, Time: 00:04:56

Health: -2/34      AC:  8    Str: 16    XL:     4   Next: 16%
Magic:  4/4        EV: 10    Int:  9    God:
Gold:   125        SH:  0    Dex: 15    Spells: 3/3 levels left

rFire   . . .      SeeInvis .   i - +0 whip
rCold   . . .      Faith    .   (no shield)
rNeg    . . .      Spirit   .   f - +0 scale mail
rPois   .          Reflect  .   c - +0 helmet
rElec   .          Harm     .   (no cloak)
rCorr   .          Rampage  .   (no gloves)
Will    .....                   k - +0 pair of boots
Stlth   ..........              (no amulet)
HPRegen 1.11/turn               (no ring)
MPRegen 0.09/turn               (no ring)

@: no status effects
A: hooves 1, powered by death 1
a: no special abilities


You were on level 3 of the Dungeon.
You visited 1 branch of the dungeon, and saw 3 of its levels.

You collected 125 gold pieces.

Inventory:

Hand Weapons
 a - a +0 flail
 i - a +0 whip (weapon)
Missiles
 d - 3 throwing nets (quivered)
 e - a javelin
Armour
 b - a +0 leather armour
 c - a +0 helmet (worn)
 f - a +0 scale mail (worn)
 k - a +0 pair of boots (worn)
Scrolls
 g - a scroll of amnesia {unknown}
 l - 2 scrolls of identify {unknown}
 m - a scroll of enchant armour {unknown}
 o - 2 scrolls of enchant weapon {unknown}
Potions
 h - 2 potions of curing {unknown}
 j - 2 potions of invisibility {unknown}
 n - a potion of might {unknown}
 p - a potion of haste {unknown}


   Skills:
 + Level 2.7 Fighting
 + Level 3.2 Maces & Flails
 - Level 2.0 Throwing
 + Level 1.4 Armour
 + Level 3.2 Dodging


You had 3 spell levels left.
You didn't know any spells.
Your spell library contained the following spells:

 Spells                   Type           Power      Damage    Failure   Level
 Freeze                   Ice            0%         1d3       83%         1
 Dazzling Flash           Conj/Hex       0%         N/A       99%         3
 Frozen Ramparts          Ice            0%         1d1       99%         3
 Hailstorm                Conj/Ice       0%         3d3       100%        4
 Agony                    Necr           0%         N/A       100%        5
 Silence                  Hex/Air        0%         N/A       100%        5


Dungeon Overview and Level Annotations

Branches:
Dungeon (3/15)

Altars:

Shops:
D:2 *


Innate Abilities, Weirdness & Mutations

You have large cloven feet.
You regenerate a little health from kills.


Message History

The orc hits you but does no damage.
You hit the orc.
You kill the orc!
The hobgoblin completely misses you.
You hit the hobgoblin but do no damage. The hobgoblin hits you.
The endoplasm freezes you.
You are frozen.
You barely miss the hobgoblin.
The hobgoblin hits you but does no damage.
The endoplasm freezes you.
You are frozen.
You hit the hobgoblin.
The hobgoblin is severely wounded.
The endoplasm hits you but does no damage.
The hobgoblin hits you but does no damage.
You completely miss the hobgoblin.
The hobgoblin is severely wounded.
The endoplasm freezes you.
You are frozen.
* * * LOW HITPOINT WARNING * * *
The hobgoblin hits you.
* * * LOW HITPOINT WARNING * * *
You hit the hobgoblin but do no damage.
The hobgoblin is severely wounded.
The endoplasm freezes you.
You are frozen.
* * * LOW HITPOINT WARNING * * *
The hobgoblin barely misses you.
You hit the hobgoblin but do no damage.
The hobgoblin is severely wounded.
The hobgoblin hits you.
* * * LOW HITPOINT WARNING * * *
The endoplasm freezes you.
You are frozen.
* * * LOW HITPOINT WARNING * * *
Unknown command.
You hit the hobgoblin but do no damage.
The hobgoblin is severely wounded.
The hobgoblin hits you.
You die...

......#.......###.###.g#
#††...†.....##....#
####.###.......##..#.#
.....# #...........†.#
.#######...>......###...#
.# #........###.## #.#
######.###.....##..##...#
#......# #####.#gJ.......
..###### #.#@####..##
#...# ... ##..####....
##......... #####.... ..


You could see an endoplasm and a hobgoblin.

Vanquished Creatures
  An adder (D:2)
  A worm (D:2)
  3 dart slugs
  2 orcs (D:3)
  3 ball pythons
  6 bats
  4 endoplasms
  7 goblins
  5 hobgoblins
  3 jackals (D:2)
  4 quokkas
  5 frilled lizards
  3 kobolds
  8 rats
55 creatures vanquished.

Notes
Turn   | Place    | Note
-------+----------+-------------------------------------------
     0 | D:1      | Artool the Demonspawn Gladiator began the quest for the
                  | Orb.
     0 | D:1      | Reached XP level 1. HP: 16/16 MP: 1/1
   302 | D:1      | Gained mutation: You regenerate a little health from kills.
                  | [demonic ancestry]
   302 | D:1      | Reached XP level 2. HP: 21/22 MP: 2/2
   595 | D:1      | Found a faded altar of an unknown god.
   641 | D:1      | Reached XP level 3. HP: 28/28 MP: 3/3
   832 | D:2      | Reached skill level 1 in Armour
  1443 | D:2      | Gained mutation: You have large cloven feet. [demonic
                  | ancestry]
  1443 | D:2      | Reached XP level 4. HP: 34/34 MP: 4/4
  1574 | D:2      | Found Guhen's General Store.
  1765 | D:3      | HP: 1/34 [frozen (1)]
  1766 | D:3      | Slain by a hobgoblin

Illustrated notes

Levels and vault maps discovered:
D:1:      lightli_arrival_quake, layout_loops_ring,
          shapermc_ecumenical_altar_mp_highgroup
D:2:      layout_loops_ring, serial_shops, nicolae_lakefront_shop
D:3:      layout_rooms, minmay_starry_boxes

Skill      XL: |  1  2  3 |
---------------+----------+-----
Throwing       | 2 |  2.0
Maces & Flails | 3 |  3.2
Dodging        | 3 |  3.2
Armour         | 1 |  1.4
Fighting       | |  2.7

Action                   |  1- 3 |  4- 6 || total
-------------------------+-------+-------++-------
Melee: Flail             |    69 |       ||    69
       Whip              |    91 |    49 ||   140
       Punch             |     2 |     1 ||     3
Armor: Scale mail        |    89 |    25 ||   114
       Leather armour    |     2 |       ||     2
Dodge: Dodged            |   113 |    22 ||   135
